 Dungeon Crawl Stone Soup version 0.31-a0-640-g39d97e502b (webtiles) character file.

Game seed: 11856166396948846229

124 Sanktem7 the Shield-Bearer (level 4, -4/41 HPs)
             Began as a Minotaur Fighter on Aug 29, 2023.
             Slain by Crazy Yiuf
             ... wielding a +3 quarterstaff of chaos
              (20 damage)
             ... on level 2 of the Dungeon.
             The game lasted 00:01:48 (1427 turns).

Sanktem7 the Shield-Bearer (Minotaur Fighter)       Turns: 1427, Time: 00:01:49

Health: -4/41      AC:  9    Str: 22    XL:     4   Next: 81%
Magic:  3/3        EV:  8    Int:  5    God:
Gold:   95         SH:  4    Dex: 10    Spells: 3/3 levels left

rFire   . . .        a - +0 war axe {axe}
rCold   . . .        c - +0 buckler
rNeg    . . .        l - +0 chain mail
rPois   .            (helmet restricted)
rElec   .            (no cloak)
rCorr   .            (no gloves)
SInv    .            (no boots)
Will    .....        (no amulet) Stlth
                     (no ring)
HPRegen 0.26/turn    (no ring)
MPRegen 0.08/turn

%: no passive effects
@: no status effects
A: horns 2, retaliatory headbutt
a: no special abilities


You were on level 2 of the Dungeon.
You visited 1 branch of the dungeon, and saw 2 of its levels.

You collected 95 gold pieces.


Innate Abilities, Weirdness & Mutations

You have a pair of horns on your head.
You reflexively headbutt those who attack you in melee.


   Skills:
 + Level 4.3 Fighting
 * Level 4.3 Axes
 + Level 4.4 Armour
 + Level 4.4 Shields


You had 3 spell levels left.
You didn't know any spells.
Your spell library was empty.

Inventory:

Hand Weapons
 a - a +0 war axe (weapon) {axe}
Missiles
 f - 14 stones {throwing}
Armour
 c - a +0 buckler (worn)
 l - a +0 chain mail (worn)
   (You found it on level 1 of the Dungeon)
Jewellery
 b - a ring of ice
   (You found it on level 1 of the Dungeon)
Scrolls
 e - 2 scrolls of revelation {unknown}
 g - 4 scrolls of identify {unknown}
 h - a scroll of brand weapon {unknown}
 i - a scroll of poison {unknown}
 j - a scroll of vulnerability {unknown}
 k - a scroll of torment {unknown}
Potions
 d - a potion of might
 m - a potion of heal wounds {unknown}

Dungeon Overview and Level Annotations

Branches:
Dungeon (2/15) Zot: 10545

Altars:
Sif Muna

Annotations:
D:2 Crazy Yiuf

######## #....###..########
#......# #....# #.........#
#......# ♣....♣ #.........#
#......### ♣♣...♣
#.........# #........# ♣♣.♣♣
#....###### ##.#####.## ♣♣.♣
#....# #.#......# ♣.♣♣
#†...## #.#.###..# ♣♣.♣
#.....# #.#..##..# ♣@♣♣
#.....# #.#..##..# #g#
#.....# ##....###.# ...
#.....# #......##.# #...#
#.....# #......##.# #)..#
#.....# #......##.# #####
#.....# #......##.# #.....#
#......##.###########.....#
##.........................#


You could see Crazy Yiuf.


Message History

There is a stone staircase leading up here.
Natasha, Servant of Life and Death comes into view.
Natasha hisses angrily.
You block Natasha's attack.
You hit Natasha. You headbutt Natasha, but do no damage.
Natasha casts a spell at you.
The magic dart hits you but does no damage.
You closely miss Natasha. Natasha misses you. Natasha claws you. 😕 HP[-1]
You take 1 damage, and now have 39/40 hp.
You closely miss Natasha.
Natasha hisses.
Natasha closely misses you.
You slash Natasha! Natasha barely misses you. 😎 HP[+1]
Your hp is fully restored (40).
You slash Natasha!
You kill Natasha!
Natasha screams in fury as she dies!
Your Axes skill increases to level 4!
No target in view!
No target in view!
No target in view!
No target in view!
No target in view!
No target in view!
No target in view!
No target in view!
No target in view!
No target in view!
No target in view!
No target in view!
No target in view!
No target in view!
No target in view!
No target in view!
No target in view!
No target in view!
No target in view!
g - 3 scrolls labelled LIUFIY NICK (gained 1) Key pressed, stopping explore.
Key pressed, stopping explore.
g - 4 scrolls labelled LIUFIY NICK (gained 1)
Found a stone staircase leading down.
You now have 95 gold pieces (gained 15).
Key pressed, stopping explore.
f - 14 stones {throwing} (gained 3)
There is a stone staircase leading down here.
Natasha, Servant of Life and Death comes into view.
You barely miss Natasha. Your headbutt misses Natasha.
Natasha claws you but does no damage.
You barely miss Natasha.
Natasha claws you but does no damage. x2
You slash Natasha!
Natasha mumbles some strange words.
You hit Natasha.
You kill Natasha!
You feel Natasha's spirit has finally been put to rest.
The cerulean imp disappears in a puff of smoke! 😎 HP[+1]
You now have 41 max hp (+1).
Your hp is fully restored (41).
No target in view!
No target in view!
No target in view!
No target in view!
No target in view!
No target in view!
No target in view!
No target in view!
No target in view!
No target in view!
No target in view!
No target in view!
No target in view!
No target in view!
No target in view!
No target in view!
No target in view!
No target in view!
No target in view!
No target in view!
No target in view!
Unknown command.
You see here the felid corpse of Natasha.
Crazy Yiuf shouts!
Could not explore, unopened runed door.
As you open the door, it creaks loudly!
You slash Crazy Yiuf! You block Crazy Yiuf's attack.
Crazy Yiuf hits you with a +3 quarterstaff of chaos!
Crazy Yiuf burns you. 😮 HP[-12]
You take 12 damage, and now have 29/41 hp.
MASSIVE DAMAGE!! (PAUSE)
You hit Crazy Yiuf but do no damage. You block Crazy Yiuf's attack.
You barely miss Crazy Yiuf. You block Crazy Yiuf's attack. 😮 HP[+1]
You hit Crazy Yiuf.
Crazy Yiuf hits you with a +3 quarterstaff of chaos! x2
* * * LOW HITPOINT WARNING * * *
You are electrocuted!!
You die...

Skill      XL: |  1  2  3  4 |
---------------+-------------+-----
Axes           | 3 4 |  4.3
Shields        | 4 |  4.4
Fighting       | 4 |  4.3
Armour         | 4 |  4.4

Action                     |  1- 3 |  4- 6 || total
---------------------------+-------+-------++-------
  Melee: War axe           |    54 |    16 ||    70
         Headbutt          |     8 |     3 ||    11
 Armour: Scale mail        |    15 |       ||    15
         Chain mail        |     5 |     8 ||    13
  Dodge: Dodged            |    31 |     4 ||    35
  Block: Buckler           |     6 |     4 ||    10

Levels and vault maps discovered:
D:1:      dpeg_arrival_solitude, layout_rooms, dk_noncrumbling_4,
          chequers_hall_statues_corner_a
D:2:      layout_basic, basic_altar, uniq_crazy_yiuf_cottage, uniq_natasha

Notes
Turn   | Place    | Note
-------+----------+-------------------------------------------
     0 | D:1      | Sanktem7 the Minotaur Fighter began the quest for the Orb.
     0 | D:1      | Reached XP level 1. HP: 19/19 MP: 0/0
     0 | D:1      | magus.rc [v1.9.6]
    59 | D:1      | Reached XP level 2. HP: 27/27 MP: 1/1
    93 | D:1      | Reached skill level 3 in Axes
   230 | D:1      | Reached skill level 4 in Shields
   233 | D:1      | Reached skill level 4 in Fighting
   233 | D:1      | Reached XP level 3. HP: 33/33 MP: 2/2
   236 | D:1      | Reached skill level 4 in Armour
   737 | D:2      | Found a shimmering blue altar of Sif Muna.
   846 | D:2      | Noticed Natasha
   848 | D:2      | Killed Natasha
   849 | D:2      | Reached XP level 4. HP: 32/40 MP: 3/3
   902 | D:2      | Found a runed translucent door.
   903 | D:2      | Noticed Crazy Yiuf
  1034 | D:2      | Noticed Natasha
  1041 | D:2      | Killed Natasha
  1042 | D:2      | Reached skill level 4 in Axes
  1397 | D:2      | Noticed Natasha
  1403 | D:2      | Killed Natasha
  1427 | D:2      | Slain by Crazy Yiuf

Vanquished Creatures
  Natasha (thrice) (D:2)
  A worm (D:2)
  5 dart slugs
  A ball python (D:1)
  7 endoplasms (D:1)
  A giant cockroach (D:1)
  2 goblins (D:1)
  2 hobgoblins (D:1)
  2 quokkas
  2 bats (D:1)
  6 frilled lizards
  4 kobolds (D:1)
  2 rats (D:1)
38 creatures vanquished.

Table legend:
 A = Non-vault XP
 B = Vault XP
 C = Vault XP percentage of total XP
 D = Non-vault monster count
 E = Vault monster count
 F = Vault count percentage of total count
                 A         B        C        D         E       F
            +---------+---------+-------+---------+---------+-------
      Total |     143 |      35 |  19.7 |      37 |       1 |   2.6
            +---------+---------+-------+---------+---------+-------
        D:1 |      56 |       0 |   0.0 |      30 |       0 |   0.0
        D:2 |      87 |      35 |  28.7 |       7 |       1 |  12.5
            +---------+---------+-------+---------+---------+-------

Skill      XL: |  1  2  3  4 |
---------------+-------------+-----
Axes           | 3 4 |  4.3
Shields        | 4 |  4.4
Fighting       | 4 |  4.3
Armour         | 4 |  4.4

Action                     |  1- 3 |  4- 6 || total
---------------------------+-------+-------++-------
  Melee: War axe           |    54 |    16 ||    70
         Headbutt          |     8 |     3 ||    11
 Armour: Scale mail        |    15 |       ||    15
         Chain mail        |     5 |     8 ||    13
  Dodge: Dodged            |    31 |     4 ||    35
  Block: Buckler           |     6 |     4 ||    10

Illustrated notes

Table legend:
 A = Kills in this place as a percentage of kills in the entire game.
 B = Kills by you in this place as a percentage of kills by you in the entire game.
 C = Kills by friends in this place as a percentage of kills by friends in the entire game.
 D = Other kills in this place as a percentage of other kills in the entire game.
 E = Experience gained in this place as a percentage of experience gained in the entire game.
 F = Experience gained in this place divided by the number of levels of this place that you have seen.
                   A       B       C       D       E      F
               +-------+-------+-------+-------+-------+----------------------
         Total | 100.0 | 100.0 |   N/A |   N/A | 100.0 |  89.0
       Dungeon | 100.0 | 100.0 |   N/A |   N/A | 100.0 |  89.0
               +-------+-------+-------+-------+-------+----------------------

Table legend: (Time is in decaauts)
 A = Elapsed time spent in this place.
 B = Non-inter-level travel time spent in this place.
 C = Inter-level travel time spent in this place.
 D = Time resting spent in this place.
 E = Time spent auto-exploring this place.
 F = Levels seen in this place.
 G = Mean time per level.
                   A        B        C        D        E       F      G
               +--------+--------+--------+--------+--------+-----+--------+
         Total |   1453 |   1427 |     26 |      0 |   1190 |   2 |  726.5 |
       Dungeon |   1453 |   1427 |     26 |      0 |   1190 |   2 |  726.5 |
               +--------+--------+--------+--------+--------+-----+--------+

Top non-repeatable levels by time:
     D:2: 833 daAuts
     D:1: 619 daAuts
